 Dungeon Crawl Stone Soup version 0.19.0 (webtiles) character file.

138 Danakh the Cutter (level 5, -1/52 HPs)
             Began as a Halfling Gladiator on Nov 3, 2016.
             Slain by Danakh's ghost (8 damage)
             ... on level 3 of the Dungeon.
             The game lasted 00:05:30 (2266 turns).

Danakh the Cutter (Halfling Gladiator)              Turns: 2266, Time: 00:05:31

Health: -1/52      AC:  8    Str: 20 (21) XL:     5   Next: 45%
Magic:  5/5        EV: 18    Int:  3 (6)  God:
Gold:   126        SH:  0    Dex: 13 (16) Spells: 0 memorised, 4 levels left

rFire  . . .     SeeInvis .     a - +0 rapier
rCold  . . .     Gourm    .     w - +0 scale mail
rNeg   . . .     Faith    .     (shield restricted)
rPois  .         Spirit   .     c - +0 helmet
rElec  .         Reflect  .     n - +0 cloak
rCorr  .         Harm     .     (no gloves)
MR     .....                    (no boots)
Stlth  ..........               q - amulet of rage
                                y - +4 ring of evasion (curse)
                                x - ring of stealth

@: berserking, very quick
A: mutation resistance 1
a: Evoke Berserk Rage


You were on level 3 of the Dungeon.
You were hungry.

You visited 1 branch of the dungeon, and saw 3 of its levels.

You collected 126 gold pieces.

Inventory:

Hand Weapons
 a - a +0 rapier (weapon)
Missiles
 d - 3 throwing nets (quivered)
Armour
 b - a +0 leather armour
 c - a +0 helmet (worn)
 n - a +0 cloak (worn)
 w - a +0 scale mail (worn)
Jewellery
 q - an amulet of rage (around neck)
 x - a ring of stealth (left hand)
 y - a cursed +4 ring of evasion (right hand)
Scrolls
 e - 5 scrolls of remove curse {unknown}
 k - a scroll of identify {unknown}
 o - 2 scrolls of fear {unknown}
 p - a scroll of amnesia {unknown}
 r - 2 scrolls of fog {unknown}
 s - 2 scrolls of enchant weapon {unknown}
Potions
 i - a potion of heal wounds
 m - a potion of flight {unknown}
 t - a potion of magic {unknown}
Comestibles
 f - 2 bread rations
 j - a beef jerky
 v - a slice of pizza


   Skills:
 + Level 2.7 Fighting
 * Level 5.0 Short Blades
 - Level 2.0 Throwing
 + Level 2.1 Armour
 + Level 4.0 Dodging


You had 4 spell levels left.
You didn't know any spells.

Dungeon Overview and Level Annotations

Branches:
Dungeon (3/15)

Altars:

Annotations:
D:3 Danakh's ghost, amateur HaFi


Innate Abilities, Weirdness & Mutations

You are small and have problems with some larger weapons.
You are somewhat resistant to further mutation.


Message History

You closely miss Danakh's ghost.
Danakh's ghost is moderately damaged.
Danakh's ghost says very slowly, "There's no hope."
Danakh's ghost closely misses you.
You barely miss Danakh's ghost.
Danakh's ghost is moderately damaged.
You hit Danakh's ghost but do no damage.
Danakh's ghost is moderately damaged.
Danakh's ghost misses you.
You hit Danakh's ghost.
Danakh's ghost is heavily damaged.
Danakh's ghost hits you!
* * * LOW HITPOINT WARNING * * *
You hit Danakh's ghost.
Danakh's ghost is heavily damaged.
You are feeling hungry.
You hit Danakh's ghost.
Danakh's ghost is severely damaged.
Danakh's ghost hits you!
You die...

#.# #.# #.# #.#
#.# #.# #.# #.#
#.# .# #.####
#....#
#.#######.##.###
#.....W@.........
#....$###.##.####
#.... ..# # #...
### #.. ##


You could see Danakh's ghost.

Vanquished Creatures
  Crazy Yiuf (D:2)
  5 adders
  An ooze (D:2)
  A worm (D:3)
  2 dart slugs
  An orc (D:3)
  A ball python (D:3)
  2 giant cockroaches
  7 goblins
  6 hobgoblins
  3 jackals (D:2)
  7 bats
  6 frilled lizards
  5 kobolds
  8 rats
56 creatures vanquished.

Vanquished Creatures (others)
  A hobgoblin (D:1)
1 creature vanquished.

Grand Total: 57 creatures vanquished

Notes
Turn   | Place    | Note
-------+----------+-------------------------------------------
     0 | D:1      | Danakh the Halfling Gladiator began the quest for the Orb.
     0 | D:1      | Reached XP level 1. HP: 14/14 MP: 1/1
   188 | D:1      | Reached XP level 2. HP: 16/19 MP: 2/2
   623 | D:1      | Reached skill level 1 in Armour
   678 | D:2      | Reached XP level 3. HP: 21/24 MP: 3/3
   732 | D:2      | Reached skill level 4 in Short Blades
   781 | D:2      | Reached XP level 4. HP: 21/30 MP: 4/4
  1190 | D:2      | Found a runed door.
  1679 | D:2      | Noticed Crazy Yiuf
  1691 | D:2      | Killed Crazy Yiuf
  1691 | D:2      | Reached XP level 5. HP: 18/35 MP: 2/5
  1772 | D:3      | Reached skill level 5 in Short Blades
  2241 | D:3      | Noticed Danakh's ghost (amateur HaFi)
  2266 | D:3      | Slain by Danakh's ghost

Skill      XL: |  1  2  3  4  5 |
---------------+----------------+-----
Fighting       | 2 |  2.7
Armour         | 1 2 |  2.1
Short Blades   | 4 5 |  5.0
Dodging        | 4 |  4.0
Throwing       | |  2.0

Action                   |  1- 3 |  4- 6 || total
-------------------------+-------+-------++-------
Melee: Rapier            |    69 |   142 ||   211
  Use: Potion            |       |     3 ||     3
 Stab: Sleeping          |     1 |     1 ||     2
       Distracted        |     1 |       ||     1
  Eat: Chunk             |       |     4 ||     4
Armor: Leather armour    |    13 |    29 ||    42
       Scale mail        |       |    10 ||    10
Dodge: Dodged            |    44 |   138 ||   182
